 Dungeon Crawl Stone Soup version 0.31-a0-986-g5e6e4ef867 (webtiles) character file.

Game seed: 9807638349450786483

196 avis the Sneak (level 5, -9/24 HPs)
             Began as a Felid Shapeshifter on Nov 4, 2023.
             Mangled by a mummy (17 damage)
             ... in an ossuary.
             The game lasted 00:18:21 (2907 turns).

avis the Sneak (Felid Shapeshifter)                 Turns: 2907, Time: 00:18:22

Health: -9/24      AC:  1    Str: 10    XL:     5   Next: 46%
Magic:  6/6        EV: 18    Int: 12    God:
Gold:   332        SH:  0    Dex: 17    Spells: 4/4 levels left
                                        Lives:  0   Deaths: 2

rFire   . .          .
                       - Unarmed
rCold   . . .        (shield unavailable)
rNeg    . . .        (body armour unavailable)
rPois   .            (helmet unavailable)
rElec   .            (cloak unavailable)
rCorr   .            (gloves unavailable)
SInv    +            (boots unavailable)
Will    .....        (no amulet)
Stlth   +++          (no ring)
HPRegen 0.24/turn    (no ring)
MPRegen 0.10/turn

%: no passive effects
@: beast-form, quick
A: beast (slay +2), very small, claws 1, fangs 3, see invisible, speed 1, shaggy
fur 1, stealthy paws, no weapons or thrown items, no armour, multi-lived
a: Begin Untransformation


You were in an ossuary.
You were a hulking beast.
You visited 1 branch of the dungeon, and saw 4 of its levels.
You also visited: Ossuary.

You collected 332 gold pieces.

Inventory:

Jewellery
 j - a ring of poison resistance
Talismans
 b - a beast talisman
 c - a flux talisman
Scrolls
 a - a scroll of butterflies {unknown}
 i - a scroll of amnesia {unknown}
 k - 4 scrolls of teleportation {unknown}
 l - a scroll of identify {unknown}
 n - a scroll of blinking {unknown}
 o - a scroll of fear {unknown}
 p - a scroll of torment {unknown}
Potions
 d - 2 potions of degeneration {unknown}
 e - a potion of enlightenment {unknown}
 f - a potion of curing
 g - 2 potions of berserk rage {unknown}
 h - a potion of might {unknown}
 m - a potion of lignification


   Skills:
 * Level 3.1 Fighting
 - Level 4.0 Dodging
 - Level 5.0 Stealth
 - Level 3.0 Unarmed Combat
 - Level 3.5 Shapeshifting


You had 4 spell levels left.
You didn't know any spells.
Your spell library contained the following spells:

 Spells                   Type           Power      Damage    Failure   Level
 Ensorcelled Hibernation  Hex/Ice        0%         N/A       45%         2
 Passwall                 Tmut/Erth      0%         N/A       45%         2
 Swiftness                Air            0%         N/A       69%         3


Dungeon Overview and Level Annotations

Branches:
Dungeon (4/15)            Ossuary (1/1)
 Temple: D:4-7

Altars:
Cheibriados
Uskayaw
The Shining One

Shops:
D:4 *

Annotations:
D:4 Robin


Innate Abilities, Weirdness & Mutations

You are a hulking beast.
Your limbs bulge with bestial killing power. (Slay +2)
You have sharp claws.
You have razor-sharp teeth.
You have supernaturally acute eyesight. (SInv)
You cover ground quickly. (Speed+)
You are covered in fur. (AC +1)
Your paws help you pounce on unaware monsters.
You are incapable of wielding weapons or throwing items.
You cannot wear armour.
You gain extra lives every three experience levels.


Message History

g - 2 sedimented white potions (gained 1)
p - a scroll labelled WIOPSA ABOEGG You now have 262 gold pieces (gained 18).
You now have 276 gold pieces (gained 14).
You now have 285 gold pieces (gained 9).
You now have 303 gold pieces (gained 18).
You now have 317 gold pieces (gained 14).
You now have 332 gold pieces (gained 15).
You open the door.
A mummy comes into view.
You scratch the mummy but do no damage. You scratch the mummy.
The mummy is lightly damaged.
The mummy hits you!
Ouch! That really hurt!
You claw the mummy! You bite the mummy.
The mummy is heavily damaged.
You scratch the mummy. You claw the mummy.
You destroy the mummy!
Training target 5.0 for Stealth reached!
Your Stealth skill increases to level 5!
You need to enable at least one skill for training.
You start resting.
HP restored.
A mummy comes into view.
There is an open door here.
You completely miss the mummy.
The mummy is lightly damaged.
You scratch the mummy.
The mummy is lightly damaged.
The mummy hits you!
Ouch! That really hurt!
* * * LOW HITPOINT WARNING * * *
You scratch the mummy. You bite the mummy, but do no damage.
The mummy is lightly damaged.
You scratch the mummy. You bite the mummy.
The mummy is heavily damaged.
The mummy hits you!
Ouch! That really hurt!
You die...

.. ......#
...##.....#
...............
.......M......
.............#
#........##'#
#......##..##
#....##M...##
#....#h.....##
#....#.......#
#....#.......#
#....#.......#
#....#......##
#....##.....#
#..M.##....##
#.∩∩†###...#
###### #####


You could see a mummy.

Vanquished Creatures
  An orc wizard (D:3)
  4 mummies (Ossuary)
  A gnoll (D:1)
  2 adders
  2 worms
  4 dart slugs
  5 orcs (D:3)
  4 ball pythons
  6 endoplasms
  3 giant cockroaches
  A gnoll zombie (Ossuary)
  5 hobgoblins
  6 jackals (D:1)
  2 quokkas
  3 bats
  A frilled lizard (D:1)
  5 goblins
  2 hobgoblin zombies (Ossuary)
  8 kobolds
  5 orc zombies (Ossuary)
  7 rats
77 creatures vanquished.

Notes
Turn   | Place    | Note
-------+----------+-------------------------------------------
     0 | D:1      | avis the Felid Shapeshifter began the quest for the Orb.
     0 | D:1      | Reached XP level 1. HP: 9/9 MP: 2/2
    84 | D:1      | Reached skill level 1 in Stealth
    84 | D:1      | Reached XP level 2. HP: 12/12 MP: 3/3
    86 | D:1      | Reached skill level 2 in Stealth
   164 | D:1      | Reached skill level 3 in Stealth
   283 | D:1      | Reached XP level 3. HP: 15/15 MP: 4/4
   682 | D:1      | Succumbed to a kobold's poison
  1208 | D:2      | Reached skill level 4 in Stealth
  1242 | D:2      | Reached XP level 4. HP: 4/19 MP: 5/5
  1650 | D:3      | Found a snail-covered altar of Cheibriados.
  1721 | D:3      | Noticed a +0 short sword
  1721 | D:3      | Noticed a +0 dagger
  1727 | D:3      | Noticed a +0 short sword
  1727 | D:3      | Noticed a +0 spear
  1727 | D:3      | Noticed a +0 falchion
  1727 | D:3      | Noticed a +0 dagger
  1728 | D:3      | Found a hide-covered altar of Uskayaw.
  1728 | D:3      | Noticed a +0 spear
  1728 | D:3      | Noticed a +0 falchion
  2270 | D:3      | Found a glowing golden altar of the Shining One.
  2342 | D:4      | Found Noinivumee's Assorted Antiques.
  2346 | D:4      | Noticed an ogre
  2398 | D:4      | Noticed an ogre
  2427 | D:4      | Reached XP level 5. HP: 23/24 MP: 6/6
  2475 | D:4      | Found a sand-covered staircase.
  2477 | D:4      | Noticed Robin
  2484 | Ossuary  | Entered an ossuary
  2752 | Ossuary  | Slain by a mummy
  2828 | Ossuary  | Reached skill level 5 in Stealth
  2907 | Ossuary  | Mangled by a mummy

Illustrated notes

Levels and vault maps discovered:
D:1:      dpeg_arrival_more_subterranean_lakeside_camping, layout_loops_cross
D:2:      layout_loops_cross
D:3:      layout_loops_ring, tso_oasis_becter, nicolae_overflow_crystal_walls,
          nicolae_uskayaw_en_pointe
D:4:      layout_loops_corners, serial_shops, shop, nicolae_ossuary_entry_ruins,
          serial_rivers, chequers_serial_rivers_small_a,
          chequers_serial_rivers_small_b, chequers_serial_rivers_micro_a,
          chequers_serial_rivers_micro_d, chequers_serial_rivers_micro_d,
          grunt_decor_fettered, nicolae_titane, uniq_robin
Ossuary:  ossuary_tomb_3

Skill      XL: |  1  2  3  4  5 |
---------------+----------------+-----
Dodging        | 3 4 |  4.0
Stealth        | 1 3 4 5 |  5.0
Fighting       | 2 3 |  3.1
Unarmed Combat | |  3.0
Shapeshifting  | |  3.5

Action                     |  1- 3 |  4- 6 || total
---------------------------+-------+-------++-------
  Melee: Unarmed           |    80 |    95 ||   175
         Bite              |    10 |    10 ||    20
         Punch             |     1 |     3 ||     4
    Use: Potion            |       |     3 ||     3
   Stab: Sleeping          |     9 |     3 ||    12
 Armour: Skin              |    17 |    25 ||    42
  Dodge: Dodged            |    44 |    47 ||    91

Table legend: (Time is in decaauts)
 A = Elapsed time spent in this place.
 B = Non-inter-level travel time spent in this place.
 C = Inter-level travel time spent in this place.
 D = Time resting spent in this place.
 E = Time spent auto-exploring this place.
 F = Levels seen in this place.
 G = Mean time per level.
                   A        B        C        D        E       F      G
               +--------+--------+--------+--------+--------+-----+--------+
         Total |   2458 |   2290 |    168 |    251 |   1086 |   5 |  491.6 |
       Dungeon |   2069 |   1901 |    168 |    190 |   1086 |   4 |  517.2 |
       Ossuary |    388 |    388 |      0 |     61 |      0 |   1 |  388.0 |
               +--------+--------+--------+--------+--------+-----+--------+

Top non-repeatable levels by time:
     D:1: 729 daAuts
     D:3: 666 daAuts
     D:2: 563 daAuts
 Ossuary: 388 daAuts
     D:4: 110 daAuts
